 Dungeon Crawl Stone Soup version 0.22-a0-618-gd6a3efe (webtiles) character file.

1038 digijack the Shield-Bearer (level 8, -1/71 HPs)
             Began as a Minotaur Fighter on July 13, 2018.
             Slain by an ogre
             ... wielding a +0 giant club
              (16 damage)
             ... on level 5 of the Dungeon.
             The game lasted 00:21:23 (3517 turns).

digijack the Shield-Bearer (Minotaur Fighter)       Turns: 3517, Time: 00:21:23

Health: -1/71      AC: 12    Str: 21    XL:     8   Next: 4%
Magic:  16/16      EV:  4    Int:  5    God:
Gold:   266        SH: 10    Dex: 12    Spells: 7/7 levels left

rFire    . . .     SeeInvis .   a - +0 long sword
rCold    . . .     Gourm    .   c - +0 shield
rNeg     . . .     Faith    .   g - +0 plate armour
rPois    .         Spirit   .   (helmet restricted)
rElec    .         Reflect  .   (no cloak)
rCorr    .         Harm     .   (no gloves)
MR       .....                  (no boots)
Stlth    ..........             (no amulet)
HPRegen  0.21/turn              n - ring of magical power
MPRegen  0.15/turn              (no ring)

@: no status effects
A: retaliatory headbutt, horns 2
a: no special abilities


You were on level 5 of the Dungeon.
You were not hungry.

You visited 1 branch of the dungeon, and saw 5 of its levels.

You collected 266 gold pieces.

Inventory:

Hand Weapons
 a - a +0 long sword (weapon)
Missiles
 e - 114 stones (quivered)
Armour
 c - a +0 shield (worn)
 g - a +0 plate armour (worn)
Jewellery
 n - a ring of magical power (left hand)
Wands
 b - a wand of iceblast (4)
 m - a wand of paralysis (4)
Scrolls
 h - a scroll of fear
 i - 7 scrolls of identify
 l - a scroll of remove curse
Potions
 d - 3 potions of might
 j - 3 potions of curing
Comestibles
 f - 10 rations


   Skills:
 + Level 6.6 Fighting
 + Level 6.0 Long Blades
 + Level 6.5 Armour
 + Level 6.7 Shields


You had 7 spell levels left.
You didn't know any spells.
Your spell library was empty.

Dungeon Overview and Level Annotations

Branches:
Dungeon (5/15)
 Temple: D:4-7

Altars:
Cheibriados
Fedhas
Kikubaaqudgha
Makhleb
Ru
The Shining One


Innate Abilities, Weirdness & Mutations

You reflexively headbutt those who attack you in melee.
You have a pair of horns on your head.


Message History

Evoke which item? (* to show all) (? for menu, Esc to quit)
Aiming: Paralyse
Press: ? - help, Shift-Dir - straight line, f - ogre
Aim: an ogre, wielding a giant club (chance to defeat MR: 46%)
The ogre resists with some effort.
Evoke which item? (* to show all) (? for menu, Esc to quit)
Aiming: Paralyse
Press: ? - help, Shift-Dir - straight line, f/p - ogre
Aim: an ogre, wielding a giant club (chance to defeat MR: 46%)
The ogre resists with some effort.
The ogre hits you with a giant club!!
* * * LOW HITPOINT WARNING * * *
You feel much better. You block the ogre's attack.
You hit the ogre. You headbutt the ogre!
The ogre is heavily wounded.
The ogre hits you with a giant club!
* * * LOW HITPOINT WARNING * * *
You slash the ogre!
The ogre is almost dead.
The ogre hits you with a giant club!
You die...

####.##O#####.###.##
##.###.###.##
##.).###.#O##
#.......#.## +#
#.......### ...
#.......# ....
##...#..# .....
#.##...####......
#)#....$O@'......
#.##...####......
#.##...# ...[$
#......# ....
####)### ... #.# +#
#.# #.# #.#


You could see an ogre.

Vanquished Creatures
  Menkaure (D:4)
  Duvessa (D:5)
  An ogre (D:4)
  Dowan (D:5)
  A scorpion (D:4)
  3 jellies (D:3)
  A gnoll shaman (D:4)
  4 hounds
  A centaur skeleton (D:4)
  Terence (D:3)
  An orc wizard (D:4)
  Ijyb (D:3)
  A worker ant zombie (D:5)
  9 gnolls
  5 adders
  7 oozes (D:3)
  2 worms
  2 dart slugs
  3 leopard geckos (D:2)
  6 orcs
  A ball python (D:1)
  6 bats
  6 giant cockroaches
  14 goblins
  7 hobgoblins
  6 jackals (D:2)
  A quokka (D:3)
  3 frilled lizards
  10 kobolds
  A leopard gecko zombie (D:5)
  A quokka skeleton (D:5)
  8 rats
116 creatures vanquished.

Vanquished Creatures (others)
  A fungus (D:3)
  6 toadstools (D:3)
7 creatures vanquished.

Grand Total: 123 creatures vanquished

Notes
Turn   | Place    | Note
-------+----------+-------------------------------------------
     0 | D:1      | digijack the Minotaur Fighter began the quest for the Orb.
     0 | D:1      | Reached XP level 1. HP: 19/19 MP: 0/0
   235 | D:1      | Reached XP level 2. HP: 27/27 MP: 1/1
   572 | D:2      | Reached XP level 3. HP: 33/33 MP: 2/2
   675 | D:2      | Found an ancient bone altar of Kikubaaqudgha.
  1003 | D:2      | Reached XP level 4. HP: 34/40 MP: 3/3
  1333 | D:3      | Found a blossoming altar of Fedhas.
  1383 | D:3      | Noticed Ijyb
  1388 | D:3      | Paralysed by Ijyb for 3 turns
  1396 | D:3      | Paralysed by Ijyb for 3 turns
  1405 | D:3      | Killed Ijyb
  1405 | D:3      | Reached XP level 5. HP: 38/47 MP: 4/4
  1452 | D:3      | Found a sacrificial altar of Ru.
  1514 | D:3      | Found a glowing golden altar of the Shining One.
  1616 | D:3      | Noticed Terence
  1622 | D:3      | Killed Terence
  1642 | D:3      | Reached skill level 5 in Shields
  1706 | D:3      | Reached skill level 5 in Fighting
  1946 | D:3      | Reached skill level 5 in Armour
  1950 | D:3      | Reached XP level 6. HP: 53/56 MP: 5/5
  2509 | D:4      | Found a snail-covered altar of Cheibriados.
  2539 | D:4      | Noticed Menkaure
  2552 | D:4      | Killed Menkaure
  2552 | D:4      | Reached skill level 5 in Long Blades
  2552 | D:4      | Reached XP level 7. HP: 34/62 MP: 6/6
  2776 | D:4      | Found a burning altar of Makhleb.
  3385 | D:5      | Entered Level 5 of the Dungeon
  3429 | D:5      | Noticed Duvessa
  3429 | D:5      | Noticed Dowan
  3445 | D:5      | Killed Duvessa
  3469 | D:5      | Killed Dowan
  3469 | D:5      | Reached XP level 8. HP: 29/71 MP: 7/7
  3517 | D:5      | Slain by an ogre

Vault maps used:
D:1:      dpeg_arrival_tiny_c, bh_walls_and_bars
D:2:      kennysheep_the_goblin_king, kiku_gazebo_garden_becter
D:3:      cheibrodos_fertilizer, lemuel_doored_altar, tso_metal_star,
          minmay_strange_pillars, kennysheep_crisscross, st_stairs_5,
          hangedman_ru_absence, uniq_terence, uniq_ijyb
D:4:      lemuel_crystal_altar, makhleb_heckhound_becter, uniq_menkaure
D:5:      overflow_temple_1_default, first_ration, uniq_grinder, uniq_duvessa,
          uniq_eustachio

Skill      XL: |  1  2  3  4  5  6  7 |
---------------+----------------------+-----
Fighting       | 4 5 6 |  6.6
Long Blades    | 3 4 5 6 |  6.0
Armour         | 4 5 6 |  6.5
Shields        | 4 5 6 |  6.7

Action                   |  1- 3 |  4- 6 |  7- 9 || total
-------------------------+-------+-------+-------++-------
Melee: Long sword        |   110 |   197 |    58 ||   365
       Headbutt          |    14 |    37 |    19 ||    70
Evoke: Wand              |       |     3 |     4 ||     7
  Use: Potion            |     7 |     1 |     2 ||    10
       Scroll            |     3 |     3 |       ||     6
 Stab: Paralysed         |       |    10 |       ||    10
  Eat: Chunk             |     1 |     5 |     3 ||     9
Armor: Scale mail        |    40 |    42 |       ||    82
       Plate armour      |       |    31 |    35 ||    66
Dodge: Dodged            |    32 |    55 |     8 ||    95
Block: Shield            |    55 |   107 |    29 ||   191
       Rpst.: Long sword |     5 |    11 |     2 ||    18

Table legend:
 A = Spawn XP
 B = Non-spawn XP
 C = Spawn XP percentage of total XP
 D = Spawn monster count
 E = Non-spawn monster count
 F = Spawn count percentage of total count
 G = Total turns spent on level
                    A         B        C        D         E        F      G
               +---------+---------+-------+---------+---------+-------+---------
         Total |       0 |    1483 |   0.0 |       0 |     116 |   0.0 |  3517
               +---------+---------+-------+---------+---------+-------+---------
           D:1 |       0 |      20 |   0.0 |       0 |      14 |   0.0 |   513
           D:2 |       0 |      89 |   0.0 |       0 |      33 |   0.0 |   676
           D:3 |       0 |     408 |   0.0 |       0 |      42 |   0.0 |  1012
           D:4 |       0 |     623 |   0.0 |       0 |      18 |   0.0 |  1184
           D:5 |       0 |     343 |   0.0 |       0 |       9 |   0.0 |   132
               +---------+---------+-------+---------+---------+-------+---------
